AoeStats
← DrJonesXX

Highland

505481355Analyzed
2v2 RM · 24d ago on Sep 9, 2026· 58m 32s· 4 players
Game mode
Random Map
Map size
Medium (4 player)
Population
200
Speed
Normal
Resources
Standard
Victory
Conquest
Starting age
Dark Age
Ending age
Imperial Age
RankedLock teamsTeams togetherTeam positionsShared explorationLock speedFull tech treeHidden civsTurbo modeCheats
Victory
Defeat
🇩🇪 Inca · Germany
990
+10
🇩🇪 Koreans · Germany
725
+20
🇹🇷 Japanese · Türkiye
845
-15
🇹🇷 Berbers · Türkiye
840
-15
özürlü31
9:09 Loom
12:01 Feudal Age
16:30 Castle Age
14:49 Double-Bit Axe
17:18 Gold Mining
18:30 Bow Saw
19:13 Gold Shaft Mining
19:00 Man-at-Arms
22:02 Gambesons
24:53 Squires
24:43 Arson
25:20 Horse Collar
25:18 Long Swordsman
26:26 Heavy Plow
27:37 Forging
27:57 Scale Mail Armor
29:35 Iron Casting
29:53 Chain Mail Armor
37:17 Wheelbarrow
38:20 Hand Cart
45:41 Imperial Age
44:39 Husbandry
44:49 Bloodlines
45:45 Cavalier
47:59 Blast Furnace
47:04 Scale Barding Armor
thecal
8:52 Loom
11:24 Feudal Age
12:45 Fishing Lines
13:07 Horse Collar
13:59 Double-Bit Axe
16:19 Scale Barding Armor
DrJonesXX
15:36 Feudal Age
14:05 Loom
16:11 Double-Bit Axe
16:20 Gold Mining
17:09 Wheelbarrow
18:12 Horse Collar
23:03 Forging
22:54 Scale Mail Armor
25:03 Castle Age
23:02 Stone Mining
26:11 Bow Saw
26:44 Gold Shaft Mining
26:47 Stone Shaft Mining
27:21 Squires
26:43 Pikeman
27:33 Heavy Plow
29:23 Arson
48:16 Caravan
49:26 Hand Cart
48:57 Town Watch
50:56 Town Patrol
51:00 Gambesons
50:36 Man-at-Arms
51:50 Chain Mail Armor
Langfinger
6:49 Loom
10:14 Feudal Age
13:18 Double-Bit Axe
20:18 Castle Age
18:30 Fletching
18:44 Horse Collar
19:49 Padded Archer Armor
21:19 Bodkin Arrow
21:40 Leather Archer Armor
22:31 Bow Saw
23:01 Pikeman
26:00 Thumb Ring
29:06 Ballistics
29:43 Wheelbarrow
29:09 Town Watch
34:50 Imperial Age
35:28 Hand Cart
36:18 Forging
38:08 Chemistry
38:13 Ring Archer Armor
37:58 Bracer
45:54 Gold Mining
46:38 Andean Sling
Connection lost

Rejoining the realm…

Still unreachable

The connection could not be restored.

Session expired

The server has moved on; the page needs a fresh start.